 Dungeon Crawl Stone Soup version 0.19-a0-1155-gb6eeeff (webtiles) character file.

73 Lindan9 the Grave Robber (level 4, -5/30 HPs)
             Began as a Vampire Necromancer on Aug 13, 2016.
             Killed by divine providence
             ... invoked by an orc priest
              (10 damage)
             ... on level 3 of the Dungeon on Aug 14, 2016.
             The game lasted 00:08:28 (2467 turns).

Lindan9 the Grave Robber (Vampire Necromancer)      Turns: 2467, Time: 00:08:29

Health: -5/30      AC:  0    Str:  7    XL:     4   Next: 8%
Magic:  2/7        EV: 20    Int: 18    God:
Gold:   127        SH:  0    Dex: 19    Spells: 2 memorised, 6 levels left

rFire  . . .     SeeInvis +     (weapon currently unavailable)
rCold  + . .     Gourm    .     (armour currently unavailable)
rNeg   + + .     Faith    .     (shield currently unavailable)
rPois  +         Spirit   .     (helmet currently unavailable)
rElec  .         Dismiss  .     (cloak currently unavailable)
rCorr  .         Reflect  .     (gloves currently unavailable)
MR     .....     Harm     .     (boots currently unavailable)
Stlth  +++.......               (no amulet)
                                (ring currently unavailable)
                                (ring currently unavailable)

@: bat-form, flying, regenerating slowly, very quick
A: fangs 3, see invisible, (unbreathing)
a: End Transformation


You were on level 3 of the Dungeon.
You were thirsty.
You were in vampire-bat-form.
You visited 1 branch of the dungeon, and saw 3 of its levels.

You collected 127 gold pieces.

Inventory:

Hand Weapons
 n - a +0 dagger (melded)
Armour
 a - a +0 robe (melded)
Jewellery
 k - a ring of stealth (melded)
Wands
 o - a wand of random effects (16/48)
Scrolls
 f - a scroll of amnesia {unknown}
 h - 3 scrolls of enchant armour {unknown}
 i - 5 scrolls of identify {unknown}
 m - a scroll of teleportation {unknown}
Potions
 d - a potion of brilliance {unknown}
 e - a potion of heal wounds {unknown}
 g - a potion of might {unknown}
 j - 3 potions of curing {unknown}
 l - 2 potions of lignification {unknown}
 p - a potion of degeneration {unknown}
Books
 b - a book of Necromancy

   Spells                             Type                      Level
   a - Pain                           Necromancy                   1
   b - Animate Skeleton               Necromancy                   1
   c - Vampiric Draining              Necromancy                   3
   d - Regeneration                   Charms/Necromancy            3
   e - Animate Dead                   Necromancy                   4
   f - Control Undead                 Necromancy                   4


   Skills:
 * Level 0.4 Short Blades
 + Level 2.5 Dodging
 + Level 3.6 Stealth
 * Level 2.5 Spellcasting
 * Level 5.4 Necromancy


You had 6 spell levels left.
You knew the following spells:

 Your Spells              Type           Power        Failure   Level  Hunger
a - Pain                  Necr           ###.         1%          1    #......
b - Animate Skeleton      Necr           N/A          1%          1    #......


Dungeon Overview and Level Annotations

Branches:
Dungeon (3/15)

Altars:


Innate Abilities, Weirdness & Mutations

You heal slowly.
You have razor-sharp teeth.
You have supernaturally acute eyesight. (SInv)
((You can survive without breathing.))


Message History

* * * LOW HITPOINT WARNING * * *
The hobgoblin misses you.
Casting: Pain
Confirm with . or Enter, or press ? or * to list all spells.
Aiming: Pain
Press: ? - help, Shift-Dir - straight line, f/p - hobgoblin
Aim: a hobgoblin (almost dead, chance to defeat MR: 95%)
The hobgoblin writhes in agony!
You kill the hobgoblin!
The orc priest miscasts a cantrip.
The orc hits you from afar with a trident.
* * * LOW HITPOINT WARNING * * *
You turn into a vampire bat.
Your +0 dagger melds into your body.
Your +0 robe melds into your body.
Your ring of stealth melds into your body.
The orc misses you.
Found a stone staircase leading down.
The orc priest calls down the wrath of Beogh upon you.
Beogh smites you!
You die...

.#.. .... ... #######
..# .......### #.#
.........# #.#
.....%...####.##########
.........oo.o...b.....>.
####..(.####....#..##..
#....####..#.#..##
#....##..........+
#######.#.......##....#
#.#.....#.##....#
###.###..##.##....#
.........#........#
....####.#........


You could see an orc priest and 2 orcs.

Vanquished Creatures
  An adder (D:2)
  A worm (D:2)
  5 dart slugs
  2 giant geckos
  An orc (D:3)
  2 giant cockroaches
  7 goblins
  7 hobgoblins
  5 kobolds
  5 bats
  3 giant newts (D:1)
  5 rats
44 creatures vanquished.

Notes
Turn   | Place    | Note
-------+----------+-------------------------------------------
     0 | D:1      | Lindan9 the Vampire Necromancer began the quest for the Orb.
     0 | D:1      | Reached XP level 1. HP: 13/13 MP: 3/3
   390 | D:1      | Reached XP level 2. HP: 18/19 MP: 1/5
  1104 | D:1      | Learned a level 1 spell: Animate Skeleton
  1319 | D:1      | Reached skill level 5 in Necromancy
  1347 | D:1      | Reached XP level 3. HP: 24/24 MP: 6/6
  2243 | D:3      | Reached XP level 4. HP: 26/30 MP: 7/7
  2467 | D:3      | Killed from afar by an orc priest

Vault maps used:
D:1:      dpeg_arrival_simpleton_b, roderic_roman_lattice
D:2:      moated_statue, uniq_crazy_yiuf_cottage
D:3:      ecumenical_altar_1, minmay_quantized

Skill      XL: |  1  2 |
---------------+-------+-----
Necromancy     | 5 |  5.4
Short Blades   | |  0.4
Dodging        | |  2.5
Stealth        | |  3.6
Spellcasting   | |  2.5

Action                   |  1- 3 |  4- 6 || total
-------------------------+-------+-------++-------
Melee: Unarmed           |     2 |       ||     2
       Dagger            |    60 |    10 ||    70
       Bite              |     2 |     1 ||     3
 Cast: Pain              |    45 |     3 ||    48
 Abil: Bat Form          |       |     1 ||     1
 Stab: Sleeping          |    12 |     1 ||    13
  Eat: Corpse            |     4 |       ||     4
Armor: Robe              |    10 |     1 ||    11
Dodge: Dodged            |    33 |    11 ||    44
